 Dungeon Crawl Stone Soup version 0.20.1-1-g8b1a95d (webtiles) character file.

198 Knicklaso the Chiller (level 5, -4/38 HPs)
             Began as a Ghoul Ice Elementalist on July 21, 2017.
             Slain by an orc
             ... wielding a +0 morningstar
              (10 damage)
             ... on level 3 of the Dungeon.
             The game lasted 00:20:10 (3569 turns).

Knicklaso the Chiller (Ghoul Ice Elementalist)      Turns: 3569, Time: 00:20:10

Health: -4/38      AC:  2    Str: 12    XL:     5   Next: 77%
Magic:  1/9        EV: 12    Int: 11    God:
Gold:   59         SH:  0    Dex:  9    Spells: 10/11 levels left

rFire    . . .     SeeInvis .   (no weapon)
rCold    + . .     Gourm    .   (no shield)
rNeg     + + +     Faith    .   a - +0 robe
rPois    ∞         Spirit   .   (no helmet)
rElec    .         Reflect  .   (no cloak)
rCorr    .         Harm     .   (no gloves)
MR       .....                  (no boots)
Stlth    ++........             (no amulet)
Regen    0.0/turn               (no ring)
MPRegen  0.2/turn               (no ring)

@: rotting
A: rotting body, claws 1, carnivore 3, cold resistance 1, negative energy
resistance 3, inhibited regeneration, torment resistance, unbreathing
a: no special abilities


You were on level 3 of the Dungeon.
You were not hungry.

You visited 1 branch of the dungeon, and saw 3 of its levels.

You collected 59 gold pieces.

Inventory:

Missiles
 d - 85 stones (quivered)
Armour
 a - a +0 robe (worn)
Jewellery
 i - an uncursed ring of stealth {unknown}
 p - an uncursed ring of fire {unknown}
Scrolls
 e - a scroll of noise {unknown}
 h - 2 scrolls of remove curse {unknown}
 l - 5 scrolls of enchant armour {unknown}
 q - 3 scrolls of identify {unknown}
 r - a scroll of enchant weapon {unknown}
Potions
 g - a potion of haste {unknown}
 k - a potion of berserk rage {unknown}
 m - a potion of flight {unknown}
 n - a potion of agility {unknown}
 s - a potion of heal wounds {unknown}
 t - 3 potions of curing {unknown}
 u - a potion of might {unknown}
Books
 b - a book of Frost

   Spells                             Type                      Level
   a - Freeze                         Ice                          1
   b - Throw Frost                    Conjuration/Ice              2
   c - Ozocubu's Armour               Charms/Ice                   3
   d - Throw Icicle                   Conjuration/Ice              4
   e - Summon Ice Beast               Ice/Summoning                4
 o - a book of Burglary

   Spells                             Type                      Level
   a - Swiftness                      Charms/Air                   2
   b - Passwall                       Transmutation/Earth          2
   c - Passage of Golubria            Translocation                4
   d - Lee's Rapid Deconstruction     Earth                        5
   e - Darkness                       Hexes                        6
   f - Invisibility                   Hexes                        6
Comestibles
 c - 3 meat rations
 j - 3 royal jellies


   Skills:
 - Level 1.7 Dodging
 - Level 2.1 Stealth
 + Level 3.5 Spellcasting
   Level 0.7 Conjurations
 + Level 5.4 Ice Magic


You had 10 spell levels left.
You knew the following spells:

 Your Spells              Type           Power        Failure   Level  Hunger
a - Freeze                Ice            ##..         2%          1    #......


Dungeon Overview and Level Annotations

Branches:
Dungeon (3/15)

Altars:
Fedhas
Ru

Annotations:
D:3 McKennaii's ghost, amateur DrTm


Innate Abilities, Weirdness & Mutations

Your body is rotting away.
You thrive on raw meat.
You are immune to poison.
You have sharp fingernails.
You are carnivorous and can eat meat at any time.
Your flesh is cold resistant. (rC+)
You are immune to negative energy. (rN+++)
You do not regenerate when monsters are visible.
You are immune to unholy pain and torment.
You can survive without breathing.


Message History

The orc hits you with a morningstar!
* * * LOW HITPOINT WARNING * * *
Eat a chunk of flesh? (ye/n/q)
You eat the chunk of flesh.
This raw flesh tastes great!
Casting: Freeze
Confirm with . or Enter, or press ? or * to list all spells.
Aiming: Freeze
Press: ? - help, Shift-Dir - straight line, f - orc, p - orc
Aim: an orc, wielding a morningstar You freeze the orc.
The orc is lightly wounded.
Casting: Freeze
Confirm with . or Enter, or press ? or * to list all spells.
Aiming: Freeze
Press: ? - help, Shift-Dir - straight line, f/p - orc
Aim: an orc, wielding a morningstar (lightly wounded)
You freeze the orc.
The orc is heavily wounded.
The orc hits you with a morningstar!
You die...

##### ....#
#########
....#
######.......!
....#
#....@o...#
....#
#.####o##.#
##..#
#.#....)#
##.##
#.#.#.#.# #..#
#.# .. <#
##.##
#.####### #..#
#.......#
##.##
#..####.#
#####..#
#.......#


You could see 2 orcs.

Vanquished Creatures
  An orc wizard (D:3)
  5 adders
  2 oozes (D:1)
  2 worms
  2 dart slugs
  3 leopard geckos (D:2)
  9 orcs (D:3)
  12 giant cockroaches
  8 goblins
  8 hobgoblins
  6 jackals (D:1)
  9 kobolds
  A quokka (D:2)
  2 ball pythons
  9 bats
  3 frilled lizards
  7 rats
  A plant (D:2)
90 creatures vanquished.

Notes
Turn   | Place    | Note
-------+----------+-------------------------------------------
     0 | D:1      | Knicklaso the Ghoul Ice Elementalist began the quest for the Orb.
     0 | D:1      | Reached XP level 1. HP: 14/14 MP: 2/2
   162 | D:1      | Reached XP level 2. HP: 19/20 MP: 2/4
   509 | D:1      | Reached XP level 3. HP: 19/26 MP: 0/5
   875 | D:1      | Reached skill level 4 in Ice Magic
  1333 | D:2      | Reached XP level 4. HP: 28/33 MP: 3/7
  1463 | D:2      | Found a sacrificial altar of Ru.
  1794 | D:2      | Found a blossoming altar of Fedhas.
  2202 | D:2      | Reached XP level 5. HP: 21/38 MP: 1/8
  2261 | D:2      | Reached skill level 5 in Ice Magic
  2863 | D:3      | Noticed McKennaii's ghost (amateur DrTm)
  3569 | D:3      | Slain by an orc

Skill      XL: |  1  2  3  4  5 |
---------------+----------------+-----
Spellcasting   | 2 3 |  3.5
Ice Magic      | 4 5 |  5.4
Dodging        | |  1.7
Stealth        | |  2.1
Conjurations   | |  0.7

Action                   |  1- 3 |  4- 6 || total
-------------------------+-------+-------++-------
Melee: Unarmed           |    34 |   179 ||   213
Throw: Stone             |    87 |   105 ||   192
 Cast: Freeze            |    50 |    97 ||   147
  Eat: Chunk             |    15 |    25 ||    40
Armor: Robe              |    12 |    24 ||    36
Dodge: Dodged            |    52 |    73 ||   125
